 Dungeon Crawl Stone Soup version 0.30-a0-715-gdb4ae3ece1 (webtiles) character file.

Game seed: 14126841072664764143

16 warriortoast the Shooter (level 2, -8/15 HPs)
             Began as a Spriggan Hunter on Jan 24, 2023.
             Mangled by a gnoll
             ... wielding a +0 halberd
              (14 damage)
             ... on level 2 of the Dungeon.
             The game lasted 00:00:55 (1204 turns).

warriortoast the Shooter (Spriggan Hunter)          Turns: 1204, Time: 00:00:55

Health: -8/15      AC:  2    Str:  7    XL:     2   Next: 37%
Magic:  3/3        EV: 17    Int: 10    God:
Gold:   56         SH:  0    Dex: 18    Spells: 1/1 levels left

rFire   . . .      SeeInvis +    a - +0 shortbow
rCold   . . .      Faith    .    (shield currently unavailable)
rNeg    . . .      Spirit   .    c - +0 robe
rPois   .          Reflect  .    (helmet restricted)
rElec   .          Harm     .    (no cloak)
rCorr   .          Rampage  .    (gloves unavailable)
Will    .....                    (boots unavailable)
Stlth   ++                       (no amulet)
HPRegen 0.22/turn                (no ring)
MPRegen 0.08/turn                (no ring)

@: very quick
A: very small, no large weapons, unfitting armour, see invisible, speed 3
a: no special abilities


You were on level 2 of the Dungeon.
You visited 1 branch of the dungeon, and saw 2 of its levels.

You collected 56 gold pieces.

Inventory:

Hand Weapons
 a - a +0 shortbow (weapon)
Armour
 c - a +0 robe (worn)
Scrolls
 b - a scroll of immolation
 e - 2 scrolls of brand weapon {unknown}
 f - 5 scrolls of identify {unknown}
 g - 3 scrolls of vulnerability {unknown}
 i - a scroll of magic mapping {unknown}
 j - a scroll of poison {unknown}
Potions
 d - a potion of invisibility {unknown}
 h - 2 potions of curing {unknown}
 k - a potion of heal wounds {unknown}


   Skills:
 + Level 2.1 Fighting
 + Level 4.3 Ranged Weapons
 - Level 2.6 Dodging
 - Level 1.5 Stealth


You had one spell level left.
You didn't know any spells.
Your spell library was empty.

Dungeon Overview and Level Annotations

Branches:
Dungeon (2/15)

Altars:


Innate Abilities, Weirdness & Mutations

You are very small and have problems with some larger weapons.
You are too small for most types of armour.
You have supernaturally acute eyesight. (SInv)
You cover ground extremely quickly. (Speed+++)


Message History

A rat comes into view.
You shoot an arrow.
The arrow hits the rat but does no damage.
You shoot an arrow. The arrow hits the rat.
The rat is heavily wounded.
You shoot an arrow. The arrow hits the rat!
You kill the rat!
You see here a rat corpse.
f - 4 scrolls labelled RODDET HOIFOESTUE (gained 1)
A ball python comes into view.
You shoot an arrow. The arrow hits the ball python!
You kill the ball python!
No target in view!
No target in view!
Found a short sword.
Found a chain mail.
h - 2 fuming cyan potions (gained 1)
Found a club.
Found a ring mail.
f - 5 scrolls labelled RODDET HOIFOESTUE (gained 1)
Found a stone staircase leading down.
j - a scroll labelled SIDAL YTOI You now have 56 gold pieces (gained 11).
k - a puce potion A gnoll comes into view.
It is wielding a +0 halberd.
You shoot an arrow. The arrow hits the gnoll.
The gnoll is lightly wounded.
You shoot an arrow. The arrow closely misses the gnoll.
You shoot an arrow. The arrow hits the gnoll.
The gnoll is moderately wounded.
You shoot an arrow. The arrow hits the gnoll.
The gnoll is severely wounded.
You shoot an arrow. The arrow hits the gnoll.
The gnoll is almost dead.
You shoot an arrow. The arrow barely misses the gnoll.
The gnoll hits you from afar with a +0 halberd!
Ouch! That really hurt!
The gnoll hits you with a +0 halberd!
Ouch! That really hurt!
You die...

.# #..[# .# #...#
.# #..)# .#
######...#
.###........##
.............####
.###.#.##.......#
.###.#.##....#..###
...............g@.#
..#..#.##....#..#.#
..#..#.##....#..#.#
................#.#
..#.##.###.######.#
..#.##.###.####
#.########
..............#
#........#
...###........#
#..#####.#
..............#
#.....##.#


You could see a gnoll.

Vanquished Creatures
  An endoplasm (D:1)
  A hobgoblin (D:1)
  3 ball pythons
  4 bats
  3 frilled lizards (D:1)
  A goblin (D:1)
  A kobold (D:1)
  4 rats
18 creatures vanquished.

Vanquished Creatures (others)
  3 plants (D:1)
3 creatures vanquished.

Grand Total: 21 creatures vanquished

Notes
Turn   | Place    | Note
-------+----------+-------------------------------------------
     0 | D:1      | warriortoast the Spriggan Hunter began the quest for the
                  | Orb.
     0 | D:1      | Reached XP level 1. HP: 10/10 MP: 2/2
    91 | D:1      | Found a faded altar of an unknown god.
   352 | D:1      | Reached XP level 2. HP: 15/15 MP: 3/3
  1204 | D:2      | Mangled by a gnoll

Illustrated notes

Levels and vault maps discovered:
D:1:      ncdulo_wetmaze, layout_basic, serial_forest,
          infiniplex_forest_clump_small, infiniplex_forest_end_2,
          infiniplex_forest_lined_2, infiniplex_forest_end_2,
          infiniplex_forest_lined_2, infiniplex_forest_lined_room_,
          infiniplex_forest_side_room, infiniplex_forest_lined_corner,
          hellmonk_ecumenical_altar_crossroads, hangedman_abyss_or_decor_stabs,
          hangedman_decor_peaks_small, minmay_misc_feat_iff,
          minmay_misc_feat_four_crosses
D:2:      layout_loops_cross, hangedman_decor_growths

Skill      XL: |  1  2 |
---------------+-------+-----
Fighting       | 2 |  2.1
Ranged Weapons | |  4.3
Dodging        | |  2.6
Stealth        | |  1.5

Action                     || total
---------------------------++-------
   Fire: Shortbow          ||    42
 Armour: Robe              ||     3
  Dodge: Dodged            ||    10

Table legend: (Time is in decaauts)
 A = Elapsed time spent in this place.
 B = Non-inter-level travel time spent in this place.
 C = Inter-level travel time spent in this place.
 D = Time resting spent in this place.
 E = Time spent auto-exploring this place.
 F = Levels seen in this place.
 G = Mean time per level.
                   A        B        C        D        E       F      G
               +--------+--------+--------+--------+--------+-----+--------+
         Total |    774 |    745 |     29 |      0 |    655 |   2 |  387.0 |
       Dungeon |    774 |    745 |     29 |      0 |    655 |   2 |  387.0 |
               +--------+--------+--------+--------+--------+-----+--------+

Top non-repeatable levels by time:
     D:1: 669 daAuts
     D:2: 105 daAuts
